 Dungeon Crawl Stone Soup version 0.29.0-4-gdea44cf6ec (webtiles) character file.

Game seed: 7823212783373898553

315 qw the Ruffian (level 6, -1/59 HPs)
             Began as a Troll Cinder Acolyte on Aug 31, 2022.
             Was a High Priest of Ignis.
             Succumbed to a killer bee's poison
             ... on level 4 of the Dungeon.
             The game lasted 00:01:18 (2250 turns).

qw the Ruffian (Troll Cinder Acolyte)               Turns: 2250, Time: 00:01:18

Health: -1/59      AC: 11    Str: 25    XL:     6   Next: 20%
Magic:  0/6        EV:  9    Int: 10    God:    Ignis [*****.]
Gold:   74         SH:  0    Dex:  5    Spells: 7/7 levels left

rFire   + . .      SeeInvis .     - Unarmed
rCold   . . .      Faith    .   (no shield)
rNeg    . . .      Spirit   +   a - +0 robe
rPois   .          Reflect  .   (helmet restricted)
rElec   .          Harm     .   (no cloak)
rCorr   .          Rampage  .   (gloves unavailable)
Will    .....                   (boots unavailable)
Stlth   +.........              d - amulet of guardian spirit
HPRegen 0.99/turn               (no ring)
MPRegen 0.10/turn               (no ring)

@: lethally poisoned (-1 -> -9), fiery-armoured
A: large, unfitting armour, claws 3, regeneration 1, shaggy fur 1, tough skin 1
a: Renounce Religion, Fiery Armour, Foxfire Swarm, Rising Flame


You were on level 4 of the Dungeon.
You worshipped Ignis.
Ignis was extremely pleased with you.
You visited 1 branch of the dungeon, and saw 4 of its levels.

You collected 122 gold pieces.
You spent 48 gold pieces at shops.


Innate Abilities, Weirdness & Mutations

You are too large for most types of armour.
You have claws for hands.
Your natural rate of healing is unusually fast.
You are covered in fur. (AC +1)
You have tough skin. (AC +1)


   Skills:
 - Level 2.4 Fighting
 + Level 7.0 Unarmed Combat
 - Level 1.0 Spellcasting
 - Level 2.1 Fire Magic


You had 7 spell levels left.
You didn't know any spells.
Your spell library contained the following spells:

 Spells                   Type           Power      Damage    Failure   Level
 Scorch                   Fire           8%         2d5       22%         2

Inventory:

Armour
 a - a +0 robe (worn)
Jewellery
 d - an amulet of guardian spirit (around neck)
Scrolls
 b - a scroll of vulnerability {unknown}
 c - 4 scrolls of identify
Potions
 e - a potion of curing

Dungeon Overview and Level Annotations

Branches:
Dungeon (4/15)
 Temple: D:4-7

Altars:

Shops:
D:3 ?


Message History

You feel very sick. The killer bee stings you.
You are lethally poisoned!
The killer bee poisons you!
The killer bee is burned by your cloak of flames.
The killer bee is moderately wounded.
The killer bee closely misses you. x2
You miss the killer bee.
The killer bee is moderately wounded.
You feel very sick.
The killer bee stings you but does no damage.
The killer bee is burned by your cloak of flames.
The killer bee is lightly wounded.
The killer bee stings you but does no damage.
The killer bee is burned by your cloak of flames.
The killer bee is heavily wounded.
The killer bee stings you.
The killer bee is burned by your cloak of flames.
The killer bee is almost dead.
The killer bee stings you but does no damage.
The killer bee is burned by your cloak of flames.
The killer bee is heavily wounded.
You closely miss the killer bee.
The killer bee is almost dead.
You feel very sick. The killer bee barely misses you.
The killer bee closely misses you.
You claw the killer bee!
You kill the killer bee!
You feel very sick.
The killer bee stings you but does no damage.
The killer bee is burned by your cloak of flames.
The killer bee is almost dead.
The killer bee stings you.
The killer bee is burned by your cloak of flames.
You kill the killer bee!
You feel your intelligence returning.
You feel your dexterity returning.
Your Unarmed Combat skill increases to level 7!
You have reached level 6!
You feel stronger.
You closely miss the killer bee.
You die...

#.......#
###...!<..#
##(.<%....##
##.......(..#
##...........#
#............#
#............#
##............#
#%@.#........##
#y####......##
#S ######## #.
.. .. ..# ..


You could see a killer bee and an adder.

Vanquished Creatures
  3 killer bees (D:4)
  2 orc priests (D:3)
  Natasha (D:2)
  3 adders
  4 worms
  2 dart slugs (D:3)
  3 orcs (D:3)
  2 endoplasms
  3 giant cockroaches (D:1)
  4 goblins
  4 hobgoblins
  4 jackals (D:1)
  4 kobolds
  3 quokkas
  4 ball pythons (D:1)
  8 bats
  4 rats
58 creatures vanquished.

Vanquished Creatures (others)
  3 plants (D:2)
3 creatures vanquished.

Grand Total: 61 creatures vanquished

Notes
Turn   | Place    | Note
-------+----------+-------------------------------------------
     0 | D:1      | qw the Troll Cinder Acolyte began the quest for the Orb.
     0 | D:1      | Reached XP level 1. HP: 22/22 MP: 1/1
     0 | D:1      | 0 ||| qw: Version: 0.1-a-97-g2dd2ca4
     0 | D:1      | 0 ||| qw: Game counter: 4680
     0 | D:1      | 0 ||| qw: Always use a shield: true
     0 | D:1      | 0 ||| qw: God list: Okawaru
     0 | D:1      | 0 ||| qw: Allow faded altars: false
     0 | D:1      | 0 ||| qw: Do Orc after D:15 true
     0 | D:1      | 0 ||| qw: Do second Lair branch before Depths: true
     0 | D:1      | 0 ||| qw: Lair rune preference: random
     0 | D:1      | 0 ||| qw: Plans: Normal
     0 | D:1      | 0 ||| PLANNING D:1-11
    36 | D:1      | 36 ||| Stepping ~*~*~tactically~*~*~ (stealth).
    80 | D:1      | 80 ||| Stepping ~*~*~tactically~*~*~ (stealth).
    95 | D:1      | 95 ||| Stepping ~*~*~tactically~*~*~ (stealth).
   101 | D:1      | 101 ||| Stepping ~*~*~tactically~*~*~ (stealth).
   116 | D:1      | Reached XP level 2. HP: 29/29 MP: 2/2
   146 | D:1      | Found a faded altar of an unknown god.
   531 | D:1      | Reached skill level 4 in Unarmed Combat
   750 | D:1      | 750 ||| UPGRADING to amulet of guardian spirit.
   755 | D:1      | 755 ||| READING 2 scrolls labelled POITHE HOSAVVI.
   756 | D:1      | 756 ||| READING scroll labelled QAIREFFAIFY.
   760 | D:1      | 760 ||| DRINKING 2 puce potions.
   830 | D:2      | Reached XP level 3. HP: 36/36 MP: 3/3
  1219 | D:2      | 1219 ||| Stepping randomly (stuck).
  1506 | D:2      | Noticed Natasha
  1512 | D:2      | Killed Natasha
  1513 | D:2      | Reached XP level 4. HP: 37/44 MP: 2/4
  1683 | D:2      | Reached skill level 5 in Unarmed Combat
  1724 | D:2      | 1724 ||| READING scroll labelled EDOS QEYDOAPSO.
  1725 | D:2      | 1725 ||| READING 2 scrolls of identify.
  1725 | D:2      | 1725 ||| IDENTIFYING metallic yellow potion
  1726 | D:2      | 1726 ||| DROPPING potion of flight.
  1807 | D:3      | 1807 ||| Stepping ~*~*~tactically~*~*~ (hiding).
  1824 | D:3      | 1824 ||| Stepping ~*~*~tactically~*~*~ (hiding).
  1825 | D:3      | 1825 ||| Stepping ~*~*~tactically~*~*~ (hiding).
  1827 | D:3      | 1827 ||| Stepping ~*~*~tactically~*~*~ (hiding).
  1832 | D:3      | 1832 ||| INVOKING Fiery Armour.
  1835 | D:3      | 1835 ||| Stepping ~*~*~tactically~*~*~ (outnumbered).
  1836 | D:3      | 1836 ||| Stepping ~*~*~tactically~*~*~ (outnumbered).
  1843 | D:3      | HP: 11/44 [orc priest/nerve-wracking pain (8)]
  1844 | D:3      | 1844 ||| READING 2 scrolls of teleportation.
  1847 | D:3      | Reached XP level 5. HP: 11/50 MP: 1/5
  1847 | D:3      | 1847 ||| FLEEEEING.
  1848 | D:3      | 1848 ||| FLEEEEING.
  1850 | D:3      | 1850 ||| FLEEEEING.
  1858 | D:3      | 1858 ||| Stepping ~*~*~tactically~*~*~ (stealth).
  1860 | D:3      | 1860 ||| Stepping ~*~*~tactically~*~*~ (hiding).
  1861 | D:3      | 1861 ||| Stepping ~*~*~tactically~*~*~ (hiding).
  1863 | D:3      | 1863 ||| Stepping ~*~*~tactically~*~*~ (hiding).
  1936 | D:3      | Reached skill level 6 in Unarmed Combat
  2119 | D:3      | Found Luczoypn's Magic Scroll Boutique.
  2123 | D:3      | 2123 ||| BUYING scroll of identify (24 gold).
  2123 | D:3      | Bought a scroll of identify for 24 gold pieces
  2123 | D:3      | 2123 ||| BUYING scroll of identify (24 gold).
  2123 | D:3      | Bought a scroll of identify for 24 gold pieces
  2156 | D:3      | 2156 ||| READING 2 scrolls labelled DOYTIB CYGUS.
  2157 | D:3      | 2157 ||| DRINKING 2 bubbling white potions.
  2158 | D:3      | 2158 ||| READING 6 scrolls of identify.
  2158 | D:3      | 2158 ||| IDENTIFYING dark potion
  2159 | D:3      | 2159 ||| READING 5 scrolls of identify.
  2159 | D:3      | 2159 ||| IDENTIFYING inky potion
  2160 | D:3      | 2160 ||| DROPPING potion of berserk rage.
  2161 | D:3      | 2161 ||| DROPPING potion of degeneration.
  2162 | D:3      | 2162 ||| DROPPING scroll of poison.
  2163 | D:3      | 2163 ||| READING scroll of teleportation.
  2186 | D:4      | 2186 ||| STAIRDANCE
  2202 | D:4      | 2202 ||| STAIRDANCE
  2236 | D:4      | 2236 ||| Stepping ~*~*~tactically~*~*~ (stealth).
  2245 | D:4      | 2245 ||| INVOKING Fiery Armour.
  2245 | D:4      | HP: 7/50 [killer bee (7)]
  2246 | D:4      | 2246 ||| DRINKING potion of heal wounds.
  2249 | D:4      | HP: 1/50 [killer bee (4)]
  2250 | D:4      | Reached skill level 7 in Unarmed Combat
  2250 | D:4      | Reached XP level 6. HP: 1/59 MP: 0/6
  2250 | D:4      | Succumbed to a killer bee's poison

Levels and vault maps discovered:
D:1:      onia_arrival_mini_maze_b, layout_loops_ring,
          hellmonk_ecumenical_altar_crossroads
D:2:      layout_basic, minmay_misc_feat_columns, serial_bayou_pond_d,
          serial_park_tiny_1, amcnicky_mini_corridor_feature, uniq_natasha
D:3:      layout_rooms, serial_shops, shop
D:4:      layout_rooms, nicolae_wu_jian_immortal_techniques,
          corexii_item_surrounded_by_moat, minmay_misc_feat_encased, uniq_ijyb

Skill      XL: |  1  2  3  4  5 |
---------------+----------------+-----
Unarmed Combat | 4 5 7 |  7.0
Fighting       | |  2.4
Spellcasting   | |  1.0
Fire Magic     | |  2.1

Action                   |  1- 3 |  4- 6 || total
-------------------------+-------+-------++-------
Melee: Unarmed           |    78 |    59 ||   137
       Punch             |     2 |     1 ||     3
Invok: Fiery Armour      |       |     2 ||     2
  Use: Scroll            |     2 |     7 ||     9
       Potion            |     1 |     2 ||     3
Armor: Robe              |    27 |    24 ||    51
Dodge: Dodged            |    30 |    26 ||    56

Table legend:
 A = Non-vault XP
 B = Vault XP
 C = Vault XP percentage of total XP
 D = Non-vault monster count
 E = Vault monster count
 F = Vault count percentage of total count
                 A         B        C        D         E       F
            +---------+---------+-------+---------+---------+-------
      Total |     415 |      36 |   8.0 |      57 |       1 |   1.7
            +---------+---------+-------+---------+---------+-------
        D:1 |      36 |       0 |   0.0 |      22 |       0 |   0.0
        D:2 |      37 |      36 |  49.3 |      12 |       1 |   7.7
        D:3 |     149 |       0 |   0.0 |      18 |       0 |   0.0
        D:4 |     193 |       0 |   0.0 |       5 |       0 |   0.0
            +---------+---------+-------+---------+---------+-------
